 Dungeon Crawl Stone Soup version 0.29-a0-214-g17f627cfee (webtiles) character file.

Game seed: 14434942186896210199

3 spaghetti the Skirmisher (level 1, -1/16 HPs)
             Began as an Octopode Fighter on Feb 24, 2022.
             Frozen to death by an endoplasm (5 damage)
             ... on level 3 of the Dungeon.
             The game lasted 00:00:12 (90 turns).

spaghetti the Skirmisher (Octopode Fighter)           Turns: 90, Time: 00:00:13

Health: -1/16      AC:  1    Str: 15    XL:     1   Next: 50%
Magic:  1/1        EV: 13    Int: 10    God:
Gold:   6          SH:  4    Dex: 11    Spells: 0/0 levels left

rFire   . . .      SeeInvis .   a - +0 long sword {long}
rCold   . . .      Faith    .   b - +0 buckler
rNeg    . . .      Spirit   .   (helmet restricted)
rPois   .          Reflect  .   (no amulet)
rElec   .          Harm     .   (no ring)
rCorr   .          Rampage  .   (no ring)
Will    .....                   (no ring)
Stlth   ++........              (no ring)
HPRegen 0.05/turn               (no ring)
MPRegen 0.07/turn               (no ring)
                                (no ring)
                                (no ring)

@: no status effects
A: almost no armour, amphibious, 8 rings, camouflage 1, gelatinous body 1,
(nimble swimmer 1), tentacles
a: no special abilities


You were on level 3 of the Dungeon.
You visited 1 branch of the dungeon, and saw 3 of its levels.

You collected 6 gold pieces.


Innate Abilities, Weirdness & Mutations

You cannot wear most types of armour.
You are amphibious.
You can wear up to eight rings at the same time.
Your skin changes colour to match your surroundings (Stealth+).
Your rubbery body absorbs attacks. (AC +1, EV +1)
((You are camouflaged when in or above water. (Stealth+)))
You have tentacles for arms and can constrict up to eight enemies at once.


   Skills:
 + Level 3.2 Fighting
 - Level 2.0 Long Blades
 - Level 3.0 Dodging
 - Level 3.0 Shields


You couldn't memorise any spells.
You didn't know any spells.
Your spell library was empty.

Inventory:

Hand Weapons
 a - a +0 long sword (weapon) {long}
Armour
 b - a +0 buckler (worn)
Potions
 c - a potion of might

Dungeon Overview and Level Annotations

Branches:
Dungeon (3/15)

Altars:

########
#......#
#......#
#......#
###.....$#
#........#
#...J..#
#...@..#
#....o.#
###.####
#<# #.#
#.# #.#
..# ..#


You could see an orc and an endoplasm.


Message History

🤖 Initializing magus.rc ...
Options error: Delay interrupt name "hungry" not recognised. (~/.crawlrc:4761) Options error: Bad monster_list_colour key: strict_neutral (~/.crawlrc:4776) ✅ Successfully initialized magus.rc [v1.9.6] Welcome, spaghetti the Octopode Fighter.
Are you destined to find the breathtaking Orb of Zot, or to die trying?
Press ? for a list of commands and other information.
Found a staircase leading out of the dungeon.
Found a stone staircase leading down.
A goblin comes into view. It is wielding a +0 dagger.
The goblin shouts!
The goblin moves out of view.
An endoplasm comes into view.
A goblin comes into view. It is wielding a +0 dagger.
A bat and a giant cockroach come into view.
The endoplasm quivers.
You barely miss the endoplasm. The endoplasm barely misses you.
You hit the endoplasm but do no damage. The endoplasm closely misses you.
You slash the endoplasm!
You kill the endoplasm!
The bat barely misses you. The bat hits you but does no damage.
The giant cockroach closely misses you.
There is a stone staircase leading down here.
The goblin shouts!
The bat barely misses you.
The giant cockroach bites you but does no damage.
You climb downwards.
There is a stone staircase leading up here.
Unknown command.
You hit the giant cockroach. Your grab misses the giant cockroach.
Your squeeze misses the giant cockroach.
The giant cockroach bites you.
The giant cockroach closely misses you. 😕 HP[-2]
You take 2 damage, and now have 14/16 hp.
You hit the giant cockroach but do no damage.
Your grab misses the giant cockroach. You squeeze the giant cockroach.
You kill the giant cockroach!
No target in view!
No target in view!
No target in view!
No target in view!
No target in view!
No target in view!
A kobold comes into view. It is wielding a +0 whip. 😕 HP[+1]
A kobold is nearby!
Found a stone staircase leading down.
The kobold closely misses you.
You closely miss the kobold. Your grab misses the kobold.
Your squeeze misses the kobold. The kobold hits you with a +0 whip.
The kobold barely misses you. 😮 HP[-3]
You take 3 damage, and now have 12/16 hp.
You are too injured to fight recklessly!
You are too injured to fight recklessly!
You are too injured to fight recklessly!
You are too injured to fight recklessly!
You are too injured to fight recklessly!
You are too injured to fight recklessly!
You are too injured to fight recklessly!
You are too injured to fight recklessly!
You are too injured to fight recklessly!
A kobold is nearby!
You barely miss the kobold. Your grab misses the kobold.
The kobold hits you with a +0 whip. 😮 HP[-3]
You take 3 damage, and now have 9/16 hp.
You hit the kobold. Your grab misses the kobold. You squeeze the kobold.
You kill the kobold!
You now have 6 gold pieces.
Things that are here:
a +0 whip {mace}; a kobold corpse 😮 HP[+1]
There is a stone staircase leading down here.
You climb downwards.
Found 5 gold pieces.
Found an escape hatch in the floor.
There is a stone staircase leading up here.
Unknown command.
Unknown command.
You start resting.
An endoplasm comes into view.
An orc comes into view. It is wielding a +1 vorpal hand axe.
The orc shouts!
The endoplasm quivers.
The orc hits you with a +1 vorpal hand axe.
* * * LOW HITPOINT WARNING * * *
x2 😨 HP[-3]
You take 3 damage, and now have 7/16 hp.
The endoplasm jiggles.
The orc hits you with a +1 vorpal hand axe.
* * * LOW HITPOINT WARNING * * *
x2
There is an escape hatch in the floor here. 😱 HP[-3]
You take 3 damage, and now have 4/16 hp.
The endoplasm freezes you.
You are frozen.
You die...

Action                   || total
-------------------------++-------
Melee: Long sword        ||     8
       Tentacles         ||     2
Armor: Skin              ||     2
Dodge: Dodged            ||     8

Levels and vault maps discovered:
D:1:      arrival_aquarium_b, layout_rooms, serial_shops, shop, shop_statue
D:2:      layout_loops_corners
D:3:      layout_rooms

Notes
Turn   | Place    | Note
-------+----------+-------------------------------------------
     0 | D:1      | spaghetti the Octopode Fighter began the quest for the Orb.
     0 | D:1      | Reached XP level 1. HP: 16/16 MP: 1/1
     0 | D:1      | magus.rc [v1.9.6]
     3 | D:1      | Noticed an electric eel
     4 | D:1      | Noticed an electric eel
    89 | D:3      | HP: 4/16 [orc/+1 vorpal hand axe (1)]
    90 | D:3      | Frozen to death by an endoplasm

Vanquished Creatures
  An endoplasm (D:1)
  A giant cockroach (D:2)
  A kobold (D:2)
3 creatures vanquished.

Table legend:
 A = Non-vault XP
 B = Vault XP
 C = Vault XP percentage of total XP
 D = Non-vault monster count
 E = Vault monster count
 F = Vault count percentage of total count
                 A         B        C        D         E       F
            +---------+---------+-------+---------+---------+-------
      Total |       5 |       0 |   0.0 |       3 |       0 |   0.0
            +---------+---------+-------+---------+---------+-------
        D:1 |       2 |       0 |   0.0 |       1 |       0 |   0.0
        D:2 |       3 |       0 |   0.0 |       2 |       0 |   0.0
            +---------+---------+-------+---------+---------+-------

Illustrated notes

Table legend:
 A = Kills in this place as a percentage of kills in entire the game.
 B = Kills by you in this place as a percentage of kills by you in the entire game.
 C = Kills by friends in this place as a percentage of kills by friends in the entire game.
 D = Other kills in this place as a percentage of other kills in the entire game.
 E = Experience gained in this place as a percentage of experience gained in the entire game.
 F = Experience gained in this place divided by the number of levels of this place that you have seen.
                   A       B       C       D       E      F
               +-------+-------+-------+-------+-------+----------------------
         Total | 100.0 | 100.0 |   N/A |   N/A | 100.0 |   1.7
       Dungeon | 100.0 | 100.0 |   N/A |   N/A | 100.0 |   1.7
               +-------+-------+-------+-------+-------+----------------------

Table legend: (Time is in decaauts)
 A = Elapsed time spent in this place.
 B = Non-inter-level travel time spent in this place.
 C = Inter-level travel time spent in this place.
 D = Time resting spent in this place.
 E = Time spent auto-exploring this place.
 F = Levels seen in this place.
 G = Mean time per level.
                   A        B        C        D        E       F      G
               +--------+--------+--------+--------+--------+-----+--------+
         Total |     92 |     92 |      0 |      3 |     49 |   3 |   30.7 |
       Dungeon |     92 |     92 |      0 |      3 |     49 |   3 |   30.7 |
               +--------+--------+--------+--------+--------+-----+--------+

Top non-repeatable levels by time:
     D:2: 47 daAuts
     D:1: 38 daAuts
     D:3: 6 daAuts
